Cogmind - Beta 16 @@@ ROGUE MODE // 2025.10.31 @ 20:53:11 Player: BlobtheGreat Result: Destroyed by D-53 Grenadier with Mini Grenade Launcher Performance ------------- Evolutions (0) 0 Regions Visited (2) 400 Robots Destroyed (29) 145 Value Destroyed (704) 704 Prototype IDs (0) 0 Alien Tech Used (0) 0 Bonus (0) 0 TOTAL SCORE: 1249 Bonus ------- None Cogmind --------- Core Integrity 0/250 Matter 154/300 Energy 86/100 System Corruption 0% Temperature Cool (0) Movement Core (800) Ox15 Location -10/Mines Parts ------- > --- POWER (1) -------- (None) > --- PROPULSION (2) --- (None) > --- UTILITY (2) ------ High-capacity Storage Unit > --- WEAPON (2) ------- Improved Light Cannon Improved Light Cannon > --- INVENTORY (20) --- Aluminum Leg Improved Heat Sink Large Storage Unit Huge Storage Unit Seismic Detector Improved Light Cannon Grenade Launcher Hammer Mining Claw Peak State ------------ > --- POWER ------------ Ion Engine > --- PROPULSION ------- Light Treads Light Treads > --- UTILITY ---------- High-capacity Storage Unit Light Armor Plating > --- WEAPON ----------- Improved Light Cannon Improved Light Cannon > --- INVENTORY -------- Aluminum Leg Large Storage Unit Huge Storage Unit Seismic Detector Improved Light Cannon Improved Light Cannon Grenade Launcher Grenade Launcher Hammer Mining Claw [Rating: 10] Favorites ----------- Power Ion Engine Engine Ion Engine Propulsion Light Treads Treads Light Treads Wheel Compact Wheel Utility Light Armor Plating Device Seismic Detector Storage High-capacity Storage Unit Protection Light Armor Plating Weapon Light Assault Rifle Energy Gun Medium Laser Ballistic Gun Light Assault Rifle Ballistic Cannon Improved Light Cannon Launcher Grenade Launcher Build | -11 -10 -10 ------- Run | Yrd Mat Min Slots Evolved . | . . . Power . | . . . Propulsion . | . . . Utility . | . . . Weapon . | . . . Parts Attached 20 | 7 9 4 Power 2 | 1 1 . Engine 2 | 1 1 . Core . | . . . Reactor . | . . . Propulsion 5 | 2 2 1 Treads 4 | 2 2 . Leg . | . . . Wheel 1 | . . 1 Hover . | . . . Flight . | . . . Utility 6 | 2 4 . Device 1 | 1 . . Storage 4 | 1 3 . Processor . | . . . Hackware . | . . . Protection 1 | . 1 . Artifact . | . . . Weapon 7 | 2 2 3 Energy Gun 1 | . 1 . Energy Cannon . | . . . Ballistic Gun 2 | 2 . . Ballistic Cannon 3 | . . 3 Launcher 1 | . 1 . Special Weapon . | . . . Impact Weapon . | . . . Slashing Weapon . | . . . Piercing Weapon . | . . . Special Melee Weapon . | . . . Unidentified Prototypes . | . . . Parts Lost 14 | . 5 9 Power 2 | . 1 1 Propulsion 5 | . 2 3 Utility 2 | . 1 1 Weapon 5 | . 1 4 Highest Loss Streak 4 | . 4 3 To Critical Strikes . | . . . Average Backups 8 | 4 8 10 Power . | . . . Propulsion 1 | 3 1 1 Utility 2 | . 1 3 Weapon 4 | . 4 6 Tool/Special . | . . . Unused Backups 11 | . 3 8 Power . | . . . Propulsion 4 | . 3 1 Utility 3 | . . 3 Weapon 4 | . . 4 Tool/Special . | . . . Average Slot Usage (%) 95 | . 95 95 Engine 11 | . 11 12 Treads 24 | . 27 17 Wheel 2 | . . 9 Device 3 | . 5 . Storage 14 | . 14 14 Protection 9 | . 8 12 Energy Gun 6 | . 8 2 Ballistic Gun 13 | . 19 1 Ballistic Cannon 7 | . . 23 Peak Build Rating 10 | 7 8 10 Average Rating 7 | 6 7 9 On Entrance 5 | . 7 8 Avg Prop Armor Cover (%) 8 | . . 8 Naked Turns . | . . . Heaviest Build 56 | 12 51 56 Greatest Support 40 | 40 40 40 Greatest Overweight (x) 18 | . 1 18 Average Overweight (x) . | . . 2 Largest Inventory Capacity 20 | 8 20 20 Average Capacity 13 | 7 11 20 Most Carried 12 | 7 12 12 Average Carried 8 | 5 8 10 Final Capacity 20 | 8 20 20 Final Carried 12 | 7 12 9 Class Distribution -------------------- 100% | Mutant Dominant Class ---------------- Mutant | -10/Materials Mutant | -10/Mines Resources | -11 -10 -10 ----------- Run | Yrd Mat Min Matter Collected 782 | 338 281 163 Remotely . | . . . Salvage Created 900 | 157 507 236 Parts 59 | 21 31 7 Haulers Intercepted 2 | . 2 . Recyclers Shooed 1 | . 1 . Parts Field Recycled . | . . . Retrieved Matter . | . . . Parts Self-Destructed . | . . . Prevented . | . . . Parts Restored . | . . . Kills | -11 -10 -10 ------- Run | Yrd Mat Min Combat Hostiles Destroyed 26 | . 13 13 Guns 9 | . 9 . Cannons 8 | . . 8 AOE 9 | . 4 5 Classes Destroyed 8 | 2 3 3 Worker 1 | 1 . . Tunneler 7 | 7 . . Hauler 2 | . 2 . Recycler 1 | . . 1 Swarmer 3 | . 3 . Grunt 14 | . 10 4 Demolisher 1 | . . 1 Assembled 8 | . . 8 Best Kill Streak 6 | 3 6 6 Combat Bots Only 6 | . 5 6 Max Kills in Single Turn 2 | 1 2 2 Gunslinging . | . . . Exploded 2 | . 2 2 Melee . | . . . Uniques/NPCs Destroyed . | . . . Combat | -11 -10 -10 -------- Run | Yrd Mat Min Hostile Shots Fired 152 | . 98 54 Missed 44 | . 30 14 Hits 108 | . 68 40 Melee 3 | . . 3 Projectile 105 | . 68 37 AOE 9 | . . 9 Damage Taken 1768 | . 873 895 Core 257 | . 94 163 Absorbed by Shields . | . . . Regen/Repaired (Parts) 129 | . 129 . Core Remaining (%) 100 | 100 . . Volleys Fired 106 | 17 50 39 Largest 2 | 2 2 2 Hottest 83 | 40 70 83 Shots Fired 202 | 34 96 72 Gun 137 | 34 92 11 Cannon 55 | . . 55 Launcher 10 | . 4 6 Special . | . . . Kinetic 157 | 34 66 57 Thermal 35 | . 26 9 Explosive 10 | . 4 6 Electromagnetic . | . . . Robot Hit Streak 16 | 14 16 9 Robot Miss Streak 4 | 3 4 4 Penetration Max . | . . . Secondary Targets 2 | . 2 . Max Gunslinging Chain 1 | . 1 . Shots Hit Robots 125 | 22 64 39 Core Hits 70 | 12 29 29 Critical Kills . | . . . Critical Parts Destroyed . | . . . Critical Strikes 4 | . . 4 Burn 1 | . . 1 Blast 3 | . . 3 Melee Attacks . | . . . Impact . | . . . Slashing . | . . . Piercing . | . . . Sneak Attacks . | . . . Combat Hostiles . | . . . Follow-up Attacks . | . . . Damage Inflicted 2291 | 260 938 1093 Guns 995 | 260 637 98 Cannons 677 | . . 677 Explosions 613 | . 301 312 Melee . | . . . Ramming 6 | . . 6 Kinetic 1368 | 260 424 684 Thermal 304 | . 213 91 Explosive 613 | . 301 312 Electromagnetic . | . . . Impact . | . . . Slashing . | . . . Piercing . | . . . Highest Corruption . | . . . Average Corruption . | . . . Corruption Purged . | . . . Corruption Blocked . | . . . Overload Shots . | . . . Overflow Damage 47 | . . 47 Projectiles 47 | . . 47 Explosions . | . . . Melee . | . . . Knockbacks 17 | . . 17 Impact . | . . . Kinetic 15 | . . 15 Secondary 2 | . . 2 Self-Inflicted Damage 76 | . 15 61 Shots 3 | . 1 2 Rammed 2 | . . 2 Targets Rammed 2 | . . 2 Kicked . | . . . Crushed . | . . . Highest Temperature 395 | . 270 395 Average Temperature 115 | . 82 162 Received Heat Transfer 709 | . 456 253 Effects 4 | . . 4 Shutdowns 1 | . . 1 Energy Bleed 2 | . . 2 Short Circuit 1 | . . 1 Siege Activations . | . . . Martial Activations . | . . . Shielding Activations . | . . . Robots Disrupted . | . . . Combat Hostiles . | . . . Robots Corrupted . | . . . Combat Hostiles . | . . . Parts Fried . | . . . Impact Corruptions . | . . . Robots Melted . | . . . Combat Hostiles . | . . . Parts Melted 2 | . 1 1 Heat Transferred 962 | . 629 333 Parts Sabotaged . | . . . Parts Stolen . | . . . Parts Stripped . | . . . Power Chain Reactions . | . . . Alert | -11 -10 -10 ------- Run | Yrd Mat Min Maximum Alert Level . | . . . Low Security (%) 100 | 100 100 100 Level 1 . | . . . Level 2 . | . . . Level 3 . | . . . Level 4 . | . . . Level 5 . | . . . High Security . | . . . Max Security . | . . . Peak Influence 121 | 15 121 62 Initial . | . . . Average 30 | 1 46 8 Influence Increases 617 | 40 388 189 Destroy 0b10 Robot/C 360 | . 260 100 Destroy 0b10 Robot/NC 55 | 40 10 5 Destroy Leader 94 | . 64 30 Successful Hack 18 | . 18 . Disable Machine 30 | . 15 15 Destroy Structure 60 | . 21 39 Influence Decreases 606 | 40 388 178 Time Decay 494 | 40 338 116 Lost Part 112 | . 50 62 Squads Dispatched 2 | . 2 . Investigation . | . . . Extermination . | . . . Reinforcement 2 | . 2 . Assault . | . . . Garrison . | . . . Intercept . | . . . Searches Triggered . | . . . Construction Impeded . | . . . Haulers Reinforced . | . . . Active Scanning Responses . | . . . Cargo Convoy Interrupts . | . . . Stealth | -11 -10 -10 --------- Run | Yrd Mat Min Distress Signals 1 | . 1 . Communications Jammed . | . . . Distress Signals . | . . . Times Spotted 39 | . 23 16 Peak Tracking Total 6 | . 6 5 Tactical Retreats 1 | . . 1 Traps | -11 -10 -10 ------- Run | Yrd Mat Min Traps Triggered 2 | . 2 . Indirectly . | . . . Trap Hack Attempts . | . . . Triggered . | . . . Disarmed . | . . . Reprogrammed . | . . . Reused . | . . . Traps Extracted . | . . . Installed . | . . . Triggered . | . . . Machines | -11 -10 -10 ---------- Run | Yrd Mat Min Machines Disabled 2 | . 1 1 Max in Single Turn 1 | . 1 1 Machines Repaired . | . . . Machines Dismantled . | . . . Machines Sabotaged . | . . . Overloaded Fab Kills . | . . . Hacking | -11 -10 -10 --------- Run | Yrd Mat Min Machines Accessed 7 | . 7 . Terminals 6 | . 6 . Fabricators . | . . . Repair Stations 1 | . 1 . Recycling Units . | . . . Scanalyzers . | . . . Garrison Access . | . . . Total Hacks 20 | . 20 . Successful 10 | . 10 . Failed 10 | . 10 . Catastrophic . | . . . Database Lockouts . | . . . Manual 15 | . 15 . Terminals 18 | . 18 . Fabricators . | . . . Repair Stations 2 | . 2 . Recycling Units . | . . . Scanalyzers . | . . . Garrison Access . | . . . Terminal Hacks 2 | . 2 . Robot Analysis 1 | . 1 . Emergency Access Points 1 | . 1 . Fabricator Hacks . | . . . Repair Station Hacks 2 | . 2 . Scan Component 1 | . 1 . Repair 1 | . 1 . Recycling Unit Hacks . | . . . Scanalyzer . | . . . Garrison Access Hacks . | . . . Unauthorized Hacks 6 | . 6 . Terminals 6 | . 6 . Botnet 1 | . 1 . Skim 5 | . 5 . Fabricators . | . . . Repair Stations . | . . . Recycling Units . | . . . Scanalyzers . | . . . Garrison Access . | . . . Data Cores Recovered . | . . . Used . | . . . Hacking Detections 7 | . 7 . Full Trace Events . | . . . Feedback Events . | . . . Feedback Blocked . | . . . Robot Schematics Acquired . | . . . Robots Built . | . . . Authchips . | . . . Time . | . . . Total Robot Build Rating . | . . . Part Schematics Acquired . | . . . Parts Built . | . . . Authchips . | . . . Time . | . . . Total Part Build Rating . | . . . Part Studies Acquired . | . . . Parts Repaired 1 | . 1 . Time 26 | . 26 . Parts Recycled . | . . . Recycled Matter . | . . . Retrieved Matter . | . . . Retrieved Components . | . . . Parts Scanalyzed . | . . . Part Schematics Acquired . | . . . Parts Damaged . | . . . Bothacking | -11 -10 -10 ------------ Run | Yrd Mat Min Used RIF Installer . | . . . Robots Hacked . | . . . Non-combat . | . . . Combat . | . . . Robot Hacks Applied . | . . . Relay Couplers Released . | . . . Fabnet Peak Effective % . | . . . Robots Rewired . | . . . Allies Hacked . | . . . Hacks Repelled . | . . . Allies | -11 -10 -10 -------- Run | Yrd Mat Min Total Allies . | . . . Largest Group . | . . . Highest-Rated Group . | . . . Highest-Rated Ally . | . . . Total Orders . | . . . Ally Attacks . | . . . Total Damage . | . . . Kills . | . . . Allies Corrupted . | . . . Allies Melted . | . . . Intel | -11 -10 -10 ------- Run | Yrd Mat Min Active Infowar (turns) 627 | 163 464 . Seismic 627 | 163 464 . Robot Analysis Total 1 | . 1 . Derelict Logs Recovered . | . . . Drone Launches . | . . . Drone Recoveries . | . . . Exploration | -11 -10 -10 ------------- Run | Yrd Mat Min Turns Passed 2057 | 247 1215 595 Spaces Moved 985 | 115 603 267 Core 3 | 1 . 2 Treads 752 | 114 603 35 Legs . | . . . Wheels 230 | . . 230 Hover . | . . . Flight . | . . . Fastest Speed 50 | 50 160 130 Average Speed 163 | 159 162 166 Slowest Speed 950 | 160 240 950 Overloaded Moves . | . . . Propulsion Burnouts . | . . . Robots Hopped . | . . . Potential Cave-ins . | . . . Cave-ins Triggered . | . . . Exploration Rate (%) 55 | 5 96 66 Regions Visited 2 Branch Regions 1 Pre-discovered Areas . | . . . Known Exits Taken 1 | . 1 . Unknown Exits Taken 1 | 1 . . Scrap Searched 1 | . . 1 Spaces Dug 32 | . 14 18 Terrain Destroyed 64 | . 20 44 Melee . | . . . Projectile 5 | . . 5 AOE 59 | . 20 39 Terrain Rammed . | . . . Walls Destroyed . | . . . Machines Disabled . | . . . Actions | -11 -10 -10 --------- Run | Yrd Mat Min Total 1237 | 145 748 344 Wait 91 | . 62 29 Move 983 | 114 602 267 Hop . | . . . Pick Up 19 | 7 11 1 Fast Attach 15 | 7 7 1 Attach 8 | . 4 4 Detach . | . . . Swap 8 | . 7 1 Drop 5 | . 5 . Fire 106 | 17 50 39 Melee . | . . . Ram . | . . . Kick . | . . . Crush 2 | . . 2 Escape Stasis . | . . . Rewire . | . . . Trap . | . . . Miscellaneous . | . . . Route ------- -11/Scrapyard -10/Materials (discovered 5 exits: *Mat x3 / *Min / Sub) -10/Mines (discovered 4 exits: *Mat x2 / Exi / Sub) History --------- Turn | Location | Event 8 | -11/Scrapyard | Discovered new exit (range 16) 248 | -11/Scrapyard | Entered Materials 306 | -10/Materials | Build established: Mutant 676 | -10/Materials | Discovered new exit (range 15) 758 | -10/Materials | Lost 4 parts (1p1n1u1w) 901 | -10/Materials | Discovered new exit (range 4) 1074 | -10/Materials | Learned 2 Storage zone layouts 1146 | -10/Materials | Learned 2 Mines zone layouts 1158 | -10/Materials | Discovered new exit (range 9) 1207 | -10/Materials | Identified exit to Mines 1216 | -10/Materials | Repaired Lgt. Treads 1256 | -10/Materials | Learned 2 Mines zone layouts 1325 | -10/Materials | Learned Storage emergency access door positions 1371 | -10/Materials | Identified exit to Subcaves 1371 | -10/Materials | Learned location of 2 exits from Materials 1463 | -10/Materials | Entered Mines 1464 | -10/Mines | Identified exit to Materials 1465 | -10/Mines | Identified exit to Exiles 1564 | -10/Mines | Core integrity fell below 50% 1971 | -10/Mines | Assembled infested the area 1976 | -10/Mines | Assisted by a Guerilla fighting off Assembled 2045 | -10/Mines | Lost 3 parts (1p1u1w) 2053 | -10/Mines | Core integrity fell below 20% 2058 | -10/Mines | Destroyed by D-53 Grenadier with Mini Grenade Launcher Last Messages --------------- 02014_ Grenade Launcher destroyed. 02015_ Destroyed Asb. Hover Unit. 02015_ as-59489 knocked back. 02015_ as-59489 destroyed. 02017_ Knocked back. 02021_ as-02261 knocked back. 02021_ Destroyed Asb. Hover Unit. 02021_ as-02261 knocked back. 02030_ as-02261 destroyed. 02036_ Acquired 4 matter. 02037_ Acquired 9 matter. 02041_ D-53 Grenadier knocked back. 02042_ The unstable cave ceiling collapses. 02047_ D-53 Grenadier knocked back. 02049_ Broken Lgt. Treads destroyed. 02050_ D-53 Grenadier destroyed. 02053_ The unstable cave ceiling collapses. 02054_ Imp. Light Cannon destroyed. 02054_ Com. Wheel destroyed. 02055_ The unstable cave ceiling collapses. Map ----- +----------------------------------------------------+ | #?# #???# ### #???? #????????????????? | | #?# #???# ## #### #??? ????????????????? | | #?# #???# #??# #??##????????????????? | | ### #???# #??# ???????????????????? | | ## #???# ##??# #?????????????????? | | ## #??## #####???# ###?????????????????? | | #?## ##???????? ##???????????????????? | | ###### #????????? ##????????????????????? | | #???# ##????????###?????????????????????? | | #???# """ ##???????????????????????????????? | | ##### """ ##??????????????????????????????? | | """ ########???????????????????????? | | ???????????????????????? | | ## ### ####??#% ???????????????????????? | | " ## ### # ##?????# ???????????????????????? | | " ### ## ## #??????# %#?????????????#### #??? | | " #### ## #??????#%! ????????????## ##?? | | ### ### #??????# d#???????????? ##? | | ## ##?# #?????##$ #????????????# ## | | ?# ## ##### #?????#; #?????#??????## # | | ?# ###### #?????# ###?? #???????## # | | ?# ##????# ######????## ### ####?????# # | | ?###?????# #????????## # #?????# # | | ????###### #????????# ????### | | ????# #????????# #??????? | | ????# ### #????????# @ #???????? | | ##### ### #????????# #????? ## ## | | !% ##???????# #?? ## ### | | ##### #???????## ## #?### ##?? | | #???# #?????### " #????## ##??? | | ##???# # #?????## ##?????####?##? | | #???## ## #?????# ### ##???????????#> | | ???## ### #??#### #??# ##????????????##? | | ??## ##?# #### # #???# ##???????????????? | | ??# #??# #????###????????????????? | | ??# #??# ##???????????????????????? | | ??## ##??###### ## ##???????????????????????? | | ???###????????## ##????????????????????????? | | ???????????????#### ##?????????????????????????? | | ??????????????????#####??????????????????????????? | | | | | | | | | | | | | | | | | | | | | +----------------------------------------------------+ Best States ------------- Heat Dissipation 25 Energy Generation 10 Energy Capacity 250 Matter Stores 300 Matter Capacity 300 Sight Range 16 Terrain Scan Density 10 Armor Coverage 150 Evasion (%) 40 Recoil Reduction 2 Item Schematics ----------------- None Robot Schematics ------------------ None Fabricated ------------ Nothing Repaired ---------- Lgt. Treads | 7% | -10/Materials Studied --------- None Alien Tech Used ----------------- None Achievements -------------- None Challenges ------------ None Game ------ Seed QuantumGammaFirepult Manual? 0 Play Time 00:12:20 Cumulative 181.5 hours Start 2025.10.31 @ 20:43:41 End 2025.10.31 @ 20:53:11 Sessions 1 Manual Loads 0 Difficulty Rogue Special Mode None Game No. 168 Rogue 168 Adventurer 0 Explorer 0 Win Type - Total 6 Types 5/0/1/0/0/0/0/0/0/0 Lore% 80 Gallery% 69 Achievement% 52 Wizard Run 0 Options --------- Layout 1 ASCII 0 Keyboard 1 Movement Arrows Keybinds 0 Fullscreen 1 Font 24/Smallcaps Map View 50x40 Zoom Use 0% Tactical HUD 1 Map Filters NONE Filters NONE Steam 1 RUN: 215ede7c-4c79-4f54-8fed-42718b242920